 Dungeon Crawl Stone Soup version 0.26.0-15-gc6cd9f700b (webtiles) character file.

Game seed: 122573322366584806

6156 lmSkywalker the Grappler (level 10, -7/97 HPs)
             Began as a Purple Draconian Transmuter on Jan 14, 2021.
             Was a Priest of Qazlal.
             Mangled by a manticore (14 damage)
             ... on level 10 of the Dungeon on Jan 17, 2021.
             The game lasted 01:07:57 (14513 turns).

lmSkywalker the Grappler (DrTm)                    Turns: 14513, Time: 01:07:57

Health: -7/97      AC: 13    Str: 12    XL:     10   Next: 60%
Magic:  5/14       EV: 13    Int: 18    God:    Qazlal [***...]
Gold:   645        SH:  4    Dex: 11    Spells: 3/15 levels left

rFire    x . .     SeeInvis .     - Unarmed
rCold    + + +     Faith    .   (shield currently unavailable)
rNeg     . . .     Spirit   .   (armour unavailable)
rPois    +         Reflect  .   (helmet currently unavailable)
rElec    .         Harm     .   (cloak currently unavailable)
rCorr    +         Rampage  .   (gloves currently unavailable)
Will     +....                  (boots currently unavailable)
Stlth    +.........             (no amulet)
HPRegen  0.26/turn              D - ring of wizardry
MPRegen  0.14/turn              e - ring of resist corrosion

@: icy armour, ice-form, frozen ramparts, slowed, very slow
A: large, (breathe power), unfitting armour, AC +7
a: End Transformation, Renounce Religion, Upheaval, Elemental Force


You were on level 10 of the Dungeon.
You worshipped Qazlal.
Qazlal was most pleased with you.
You were a creature of crystalline ice.
You visited 1 branch of the dungeon, and saw 10 of its levels.
You also visited: Sewer.

You collected 645 gold pieces.

Inventory:

Missiles
 k - 193 stones (quivered)
 x - 2 throwing nets
Armour
 l - a +0 pair of gloves (melded)
 n - a +1 cloak (melded)
Magical Staves
 m - an uncursed staff of death
Jewellery
 e - a ring of resist corrosion (right front paw)
 o - an uncursed ring of positive energy
 D - a ring of wizardry (left front paw)
 G - an uncursed ring of flight
Wands
 r - a wand of paralysis (7)
 s - a wand of random effects (15)
 E - a wand of enslavement (9)
Scrolls
 a - 8 scrolls of magic mapping
 b - a scroll of enchant weapon {unknown}
 c - 2 scrolls of enchant armour
 d - a scroll of fear
 f - 2 scrolls of identify
 g - 8 scrolls of teleportation
 h - 10 scrolls of remove curse
 j - a scroll of fog
 y - 3 scrolls of immolation {unknown}
 C - 2 scrolls of acquirement {unknown}
 F - a scroll of silence {unknown}
Potions
 i - 8 potions of curing
 p - 3 potions of heal wounds {unknown}
 q - a potion of berserk rage {unknown}
 t - a potion of attraction {unknown}
 u - a potion of brilliance {unknown}
 v - 7 potions of flight
 w - a potion of mutation {unknown}
 z - 2 potions of resistance
 A - 3 potions of might {unknown}
 B - a potion of degeneration {unknown}


   Skills:
 + Level 5.0 Fighting
 + Level 7.2 Dodging
 + Level 9.7 Unarmed Combat
 - Level 3.0 Spellcasting
 - Level 7.0 Transmutations
 + Level 4.5 Ice Magic
 - Level 2.7 Poison Magic
 + Level 3.5 Invocations
 - Level 2.0 Evocations


You had 3 spell levels left.
You knew the following spells:

 Your Spells              Type           Power        Failure   Level
a - Ice Form              Ice/Tmut       23%          6%          4
b - Wereblood             Tmut           28%          1%          2
c - Frozen Ramparts       Ice            38%          3%          3
d - Ozocubu's Armour      Ice            19%          3%          3

Your spell library contained the following spells:

 Spells                   Type           Power        Failure   Level
 Beastly Appendage        Tmut           56%          1%          1
 Freeze                   Ice            76%          1%          1
 Spider Form              Tmut/Pois      10%          2%          3
 Animate Skeleton         Necr           4%           6%          1
 Pain                     Necr           8%           6%          1
 Vampiric Draining        Necr           1%           19%         3
 Blade Hands              Tmut           14%          11%         5
 Hailstorm                Conj/Ice       10%          26%         4
 Summon Ice Beast         Ice/Summ       10%          26%         4
 Animate Dead             Necr           1%           52%         4
 Agony                    Necr           2%           85%         5


Dungeon Overview and Level Annotations

Branches:
Dungeon (10/15)            Temple (0/1) D:7            Lair (0/6) D:8
  Sewer (visited)
    Orc: D:9-12

Altars:
Dithmenos
Kikubaaqudgha
Makhleb
Nemelex Xobeh
Qazlal
Ru
Vehumet
Yredelemnul
Zin
The Shining One

Shops:
D:7 =(   D:9 (

Annotations:
D:2 Sigmund
D:5 Menkaure


Innate Abilities, Weirdness & Mutations

((You can breathe bolts of dispelling energy.))
((Your rich purple scales are hard. (AC +7)))
You cannot fit into any form of body armour.
((You are cold-blooded and may be slowed by cold attacks.))


Message History

The wall freezes the manticore.
The manticore bites you!!
The manticore claws you but does no damage.
The manticore claws you.
You completely miss the manticore.
The manticore is heavily wounded.
The ice beast completely resists.
The wall freezes the ice beast but does no damage.
The ice beast hits you but does no damage.
The wall freezes the manticore.
The manticore bites you!!
* * * LOW HITPOINT WARNING * * *
The manticore barely misses you. x2
You hit the manticore but do no damage.
The manticore is severely wounded.
The ice beast completely resists.
The wall freezes the ice beast but does no damage.
The ice beast barely misses you.
The wall freezes the manticore.
The manticore bites you.
* * * LOW HITPOINT WARNING * * *
The manticore claws you!
You die...

# #.
.#### ...
#####
#Y#......
#Y...#
##H..#
...# .#.#
##[# #
###


You could see a manticore and an ice beast.

Vanquished Creatures
  Psyche (D:8)
  A troll (D:8)
  Prince Ribbit (D:5)
  A wraith (D:10)
  6 yaks (D:8)
  An ice beast (D:5)
  3 phantoms
  A sky beast (D:8)
  2 orc warriors
  A necrophage (D:8)
  4 ogres
  3 wolves (D:8)
  A big kobold (D:8)
  4 bullfrogs
  A gnoll sergeant (D:7)
  2 scorpions
  A water moccasin skeleton (D:5)
  8 killer bees
  3 wights (D:4)
  An electric eel (D:8)
  3 howler monkeys (D:9)
  A centaur zombie (D:6)
  A bullfrog zombie (D:5)
  A jelly (D:7)
  4 orc priests
  2 gnoll shamans (D:7)
  17 hounds
  7 orc wizards
  4 centaur skeletons
  3 iguanas
  9 worker ants
  2 hound skeletons
  A worker ant zombie (D:10)
  20 gnolls
  11 adders
  2 shadow imps
  3 white imps
  An ufetubus (D:5)
  2 adder zombies
  2 adder skeletons
  5 worms
  2 dart slugs
  3 leopard geckos
  17 orcs
  5 ball pythons
  3 giant cockroaches
  13 goblins
  6 hobgoblins
  18 jackals
  2 quokkas
  15 bats
  6 frilled lizards
  A jackal skeleton (D:6)
  8 kobolds
  A leopard gecko skeleton (D:4)
  11 rats
258 creatures vanquished.

Notes
Turn   | Place    | Note
-------+----------+-------------------------------------------
     0 | D:1      | lmSkywalker the Draconian Transmuter began the quest for
                  | the Orb.
     0 | D:1      | Reached XP level 1. HP: 16/16 MP: 3/3
    41 | D:1      | Upgraded the game from 0.26.0-10-g1f06aea511 to
                  | 0.26.0-15-gc6cd9f700b
   139 | D:1      | Reached XP level 2. HP: 12/23 MP: 3/5
   142 | D:1      | Learned a level 2 spell: Wereblood
   884 | D:1      | Reached skill level 4 in Unarmed Combat
  1126 | D:1      | Reached XP level 3. HP: 21/28 MP: 2/6
  1682 | D:2      | Reached XP level 4. HP: 6/35 MP: 7/7
  1961 | D:2      | Noticed Sigmund
  1965 | D:1      | Reached skill level 5 in Unarmed Combat
  2404 | D:2      | Reached XP level 5. HP: 13/40 MP: 3/8
  2408 | D:2      | Reached skill level 6 in Unarmed Combat
  2743 | D:2      | Learned a level 3 spell: Spider Form
  3098 | D:3      | Found a stormy altar of Qazlal.
  3253 | D:3      | Found a radiant altar of Vehumet.
  3339 | D:3      | Reached skill level 1 in Poison Magic
  3545 | D:3      | Reached XP level 6. HP: 34/47 MP: 6/9
  3789 | D:3      | Became a worshipper of Qazlal Stormbringer
  5025 | D:4      | Found a burning altar of Makhleb.
  5031 | D:5      | Entered Level 5 of the Dungeon
  5724 | D:5      | Your scales start taking on a rich purple colour.
  5724 | D:5      | Reached XP level 7. HP: 13/52 MP: 8/10
  6543 | D:5      | Noticed Prince Ribbit
  6592 | D:4      | Reached skill level 7 in Unarmed Combat
  7333 | D:5      | Killed Prince Ribbit
  7334 | D:5      | Reached XP level 8. HP: 52/59 MP: 8/11
  7521 | D:5      | Noticed Menkaure
  7852 | D:6      | Found a glowing drain.
  7893 | Sewer    | Entered a sewer
  8038 | Sewer    | Reached * piety under Qazlal
  8069 | Sewer    | Reached skill level 5 in Transmutations
  8751 | D:6      | Found a sparkling altar of Nemelex Xobeh.
  8834 | D:6      | Reached skill level 8 in Unarmed Combat
  8839 | D:6      | Reached skill level 5 in Dodging
  9776 | D:6      | Learned a level 4 spell: Ice Form
  9784 | D:6      | Reached XP level 9. HP: 55/64 MP: 9/12
  9863 | D:7      | Reached ** piety under Qazlal
  9868 | D:7      | Found Jeizosm's Jewellery Emporium.
 10042 | D:7      | Reached skill level 1 in Evocations
 10064 | D:7      | Reached skill level 1 in Invocations
 10347 | D:7      | Reached skill level 1 in Ice Magic
 10855 | D:7      | Found Kygioceo's Weapon Shoppe.
 10931 | D:7      | Found a staircase to the Ecumenical Temple.
 11387 | D:8      | Noticed Psyche
 11394 | D:8      | Killed Psyche
 11395 | D:8      | Reached skill level 9 in Unarmed Combat
 11593 | D:8      | Reached *** piety under Qazlal
 11815 | D:8      | Reached XP level 10. HP: 77/77 MP: 10/13
 11897 | D:8      | Found a sacrificial altar of Ru.
 11965 | D:8      | Found a glowing golden altar of the Shining One.
 11965 | D:8      | Found a glowing silver altar of Zin.
 11981 | D:8      | Found an ancient bone altar of Kikubaaqudgha.
 11981 | D:8      | Found a shadowy altar of Dithmenos.
 11983 | D:8      | Found a basalt altar of Yredelemnul.
 12061 | D:8      | Found a staircase to the Lair.
 12465 | D:8      | Learned a level 3 spell: Frozen Ramparts
 12469 | D:8      | Learned a level 3 spell: Ozocubu's Armour
 13585 | D:9      | Found Curuagg's Weapon Emporium.
 13840 | D:9      | Found a burning altar of Makhleb.
 14342 | D:10     | Entered Level 10 of the Dungeon
 14504 | D:10     | Noticed a manticore
 14511 | D:10     | Reached skill level 5 in Fighting
 14513 | D:10     | Mangled by a manticore

Illustrated notes

Levels and vault maps discovered:
D:1:      roderic_crop_circles_arrival_small, layout_basic
D:2:      layout_loops_ring, uniq_sigmund
D:3:      layout_rooms, vehumet_crystals, grunt_qazlal_clouds
D:4:      layout_cave_pools, kennysheep_little_box
D:5:      layout_gridville, uniq_prince_ribbit1, uniq_menkaure
D:6:      layout_basic, overflow_temple_1_default, cheibrodos_sewer_entry_sluice
D:7:      layout_cave_pools, minmay_temple_entry_glassed_door, serial_shops,
          shop, serial_gnoll_camp, gnoll_camp_mini_basic, gnoll_camp_mini_shop,
          gnoll_camp_mini_house, gnoll_camp_mini_doghouse, gnoll_camp_mini_basic
D:8:      layout_loops_cross, grunt_temple_overflow_open,
          gammafunk_temple_overflow_statue, erik_lair_island,
          nicolae_ru_sacrificial_ziggurat, uniq_psyche
D:9:      layout_cave_pools, basic_altar, serial_shops,
          nicolae_shop_window_shopping
D:10:     minmay_chambers_of_sevens, layout_basic, serial_shops, shop_statue,
          nicolae_trove_entry_path_of_doom, lemuel_another_geyser

Skill      XL: |  1  2  3  4  5  6  7  8  9 10 |
---------------+-------------------------------+-----
Unarmed Combat | 4 5 6 7 8 9 |  9.7
Dodging        | 2 3 4 5 6 7 |  7.2
Poison Magic   | 1 2 |  2.7
Transmutations | 3 4 6 7 |  7.0
Evocations     | 2 |  2.0
Invocations    | 2 3 |  3.5
Ice Magic      | 3 4 |  4.5
Fighting       | 3 5 |  5.0
Spellcasting   | 3 |  3.0

Action                   |  1- 3 |  4- 6 |  7- 9 | 10-12 || total
-------------------------+-------+-------+-------+-------++-------
Melee: Unarmed           |    95 |   196 |   417 |    85 ||   793
       Headbutt          |     9 |    31 |       |       ||    40
       Kick              |    13 |    39 |     3 |       ||    55
       Tailslap          |     5 |    26 |     1 |       ||    32
       Punch             |       |     6 |       |       ||     6
Throw: Stone             |     2 |    25 |     2 |       ||    29
 Cast: Beastly Appendage |    24 |    41 |     5 |       ||    70
       Wereblood         |     2 |     6 |     7 |     4 ||    19
       Spider Form       |       |       |    62 |     1 ||    63
       Ice Form          |       |       |       |    20 ||    20
       Frozen Ramparts   |       |       |       |     9 ||     9
       Ozocubu's Armour  |       |       |       |     7 ||     7
 Abil: End Transformatio |       |       |     2 |       ||     2
  Use: Scroll            |     2 |     3 |     8 |     1 ||    14
Armor: Skin              |    24 |    46 |    36 |    23 ||   129
Dodge: Dodged            |    50 |   114 |   376 |    59 ||   599
Block: Other             |       |       |    25 |    30 ||    55
